 Dungeon Sprint DCSS version bcrawl-1.31.3 (webtiles) character file.

Game seed: 15819100156056188954

2366676 pasperui the Eclecticist (level 13, -7/162 HPs)
             Began as an Ent Fighter on Apr 7, 2021.
             Was the Champion of Cheibriados.
             Mangled by an orc warlord
             ... wielding a +0 bardiche
              (33 damage)
             ... in the Dungeon (Sprint VII: "The Pits").
             The game lasted 00:17:20 (1988 turns).

pasperui the Eclecticist (Ent Fighter)              Turns: 1988, Time: 00:17:21

Health: -7/162     AC: 20    Str: 42    XL:     13   Next: 24%
Magic:  15/34      EV: 20    Int: 26    God:    Cheibriados [******]
Gold:   42         SH: 15    Dex: 30    Spells: 33/46 levels left

rFire    . . .     SeeInvis .   x - +2 morningstar (protect)
rCold    . . .     Gourm    .   b - +0 medium shield
rNeg     + + +     Faith    .   (armour unavailable)
rPois    +         Spirit   .   (helmet restricted)
rElec    .         Reflect  .   (no cloak)
rCorr    +         Harm     .   (gloves unavailable)
MR       +....     NoTele   +   (boots unavailable)
Stlth    +++++++...             (no amulet)
HPRegen  0.37/turn              r - +3 ring of strength
MPRegen  0.24/turn              G - ring of Lugonu's Indignation {rPois rN+ rCorr Str-3 Dex+6}

@: studying Conjurations, very slow
A: large, slow actions, passwall, strong branches, negative energy resistance 3,
poison resistance, slow metabolism 1, torment resistance, unbreathing, AC +20
a: Passwall, Bend Time, Temporal Distortion, Slouch, Step From Time, Renounce
Religion


You were in the Dungeon.
You worshipped Cheibriados.
Cheibriados was exalted by your worship.
You were not hungry.

You visited 1 branch You collected 42 gold pieces.

Inventory:

Hand Weapons
 x - a +2 morningstar of protection (weapon)
 J - a +1 morningstar of draining
Missiles
 a - 37 large rocks (quivered)
 k - 309 stones
 D - 3 throwing nets {=f}
 E - 40 poisoned tomahawks
Armour
 b - a +0 medium shield (worn)
Magical Staves
 q - an uncursed staff of power
Jewellery
 r - a +3 ring of strength (left hand)
 t - a +3 ring of strength
 A - an uncursed ring of protection from cold
 C - an uncursed ring of protection from fire
 F - the ring "Jaqeqith" {+Fly Stlth+}
   (You found it in the Dungeon)

   [ring of flight]

   It lets you fly.
   It makes you more stealthy.
 G - the ring of Lugonu's Indignation (right hand) {rPois rN+ rCorr Str-3 Dex+6}
   (You found it in the Dungeon)

   [ring of resist corrosion]

   It affects your strength (-3).
   It affects your dexterity (+6).
   It protects you from poison.
   It protects you from negative energy.
   It provides partial protection from all sources of acid and corrosion.
Scrolls
 i - a scroll of identify
 j - 4 scrolls of blinking
 l - 2 scrolls of vulnerability
 m - 4 scrolls of remove curse
 n - 5 scrolls of amnesia
 o - a scroll of summoning
 s - a scroll of fog
 y - 2 scrolls of enchant weapon
 z - 4 scrolls of enchant armour
Potions
 c - 6 potions of might
 d - 8 potions of curing
 f - 6 potions of heal wounds
 g - 5 potions of haste
 h - 4 potions of magic
 p - a potion of resistance
 u - 2 potions of brilliance
 v - 3 potions of agility
 w - 2 potions of mutation
 B - 6 potions of berserk rage
Miscellaneous
 H - a fan of gales (2/2)
 I - a lightning rod (4/4)
Comestibles
 e - 13 rations {!d}


   Skills:
 - Level 15.5 Fighting
 * Level 16.4 Maces & Flails
 - Level 8.9 Throwing
 - Level 9.2 Dodging
 - Level 14.5 Stealth
 - Level 8.7 Shields
 - Level 17.2 Spellcasting
 - Level 11.9 Conjurations
 - Level 7.9 Invocations


You had 33 spell levels left.
You knew the following spells:

 Your Spells              Type           Power        Failure   Level  Hunger
a - Mephitic Cloud        Conj/Pois/Air  #####...     3%          3    None
b - Regeneration          Chrm/Necr      ###.......   21%         3    None
c - Animate Dead          Necr           N/A          54%         4    None
d - Ignite Poison         Fire/Tmut/Pois ###.....     21%         3    None

Your spell library contained the following spells:

 Spells                   Type           Power        Failure   Level  Hunger
 Conjure Flame            Conj/Fire      ######..     1%          3    None
 Apportation              Tloc           ###...       7%          1    None
 Summon Butterflies       Summ           ###.....     7%          1    None
 Poisonous Vapours        Pois/Air       ###...       10%         2    None
 Beckoning                Tloc           ###.......   21%         3    None
 Recall                   Summ/Tloc      N/A          21%         3    None
 Tukima's Dance           Hex            ###.....     21%         3    None
 Dispel Undead            Necr           ###.....     88%         5    None
 Icicle Burst             Conj/Ice       ######....   99%         7    ###....
 Death Channel            Chrm/Necr      ###.......   100%        6    None
 Freezing Cloud           Ice/Air        ###.......   100%        6    None
 Invisibility             Hex            ###.....     100%        6    None
 Simulacrum               Ice/Necr       ###.......   100%        6    None
 Steam Barrier            Chrm/Fire      ###.......   100%        6    None
 Beastly Appendage        Tmut           Unusable     N/A         1    N/A
 Blade Hands              Tmut           Unusable     N/A         5    N/A

Dungeon Overview and Level Annotations

Branches:
Dungeon (1/1)

Altars:
Ashenzari
Cheibriados
Dithmenos
Elyvilon
Fedhas
Gozag
Hepliaklqana
Kikubaaqudgha
Lugonu
Makhleb
Nemelex Xobeh
Okawaru
Qazlal
Ru
Sif Muna
Trog
Uskayaw
Vehumet
Wu Jian
Xom
Yredelemnul
Zin
The Shining One
Beogh
Jiyva


Innate Abilities, Weirdness & Mutations

You move and act slowly.
You can pass through walls and trees.
Your branches can wield two-handed weapons with a shield.
Your thick bark is tough. (AC +20)
You are too large for most types of armour.
You are immune to negative energy. (rN+++)
Your system is resistant to poisons. (rPois)
You have a slow metabolism.
You are immune to unholy pain and torment.
You can survive without breathing.


Message History

You kill the orc knight!
Cheibriados thoroughly appreciates the change of pace.
You kill the orc knight!
Cheibriados thoroughly appreciates the change of pace.
An orc knight comes into view. It is wielding a +0 dire flail.
The orc warlord unwields a +1 war axe of draining.
The orc warlord wields a +0 arbalest.
The orc warlord shoots a bolt.
You block the bolt.
The orc warlord hits you from afar with a +0 bardiche!!
* * * LOW HITPOINT WARNING * * *
Your Maces & Flails skill gained 2 levels and is now at level 16!
You can feel time thicken for a moment.
You kill the orc knight!
Cheibriados thoroughly appreciates the change of pace.
You kill the orc knight!
Cheibriados thoroughly appreciates the change of pace.
The orc warlord shoots a bolt.
The bolt hits you.
* * * LOW HITPOINT WARNING * * *
The orc warlord hits you from afar with a +0 bardiche!!
You die...

..# ..# ..# ..# ..+ ..+ ''#
''###############################
................@................
................))..........)...)
..##############o'##############.
..# ).o... #† ..# ))o..f# #. ..#
##..#### #. )[# .... #) ..# .....
#. ))# .... #.


You could see 2 orc warlords and an orc knight (wandering).

Vanquished Creatures
  Kirke (D)
  A spriggan defender (D)
  A dire elephant (D)
  An ettin (D)
  Harold (D)
  A great orb of eyes (D)
  A centaur warrior (D)
  A death knight (D)
  An anaconda (D)
  4 hell hogs (D)
  A sea snake (D)
  2 deep elf knights (D)
  A deep troll (D)
  A flayed ghost (D)
  3 swamp dragons (D)
  A cyclops (D)
  Pikel (D)
  8 orc knights (D)
  A guardian serpent (D)
  9 elephants (D)
  2 molten gargoyles (D)
  A smoke demon (D)
  A gargoyle (D)
  A cane toad (D)
  A yaktaur (D)
  An ice devil (D)
  2 efreet (D)
  A freezing wraith (D)
  A red devil (D)
  A troll (D)
  A hornet (D)
  A hippogriff (D)
  5 slime creatures (D)
  2 snapping turtles (D)
  A bog body (D)
  5 redbacks (D)
  A ynoxinul (D)
  A wyvern (D)
  A human (D)
  A basilisk (D)
  A yak (D)
  A steam dragon (D)
  A vampire (D)
  A hungry ghost (D)
  2 small abominations (D)
  2 hogs (D)
  4 vampire mosquitoes (D)
  2 crocodiles (D)
  Duvessa (D)
  2 water moccasins (D)
  A porcupine (D)
  A floating eye (D)
  2 swamp drakes (D)
  An eye of draining (D)
  An ice beast (D)
  A centaur (D)
  A wolf (D)
  2 bullfrogs (D)
  A big kobold (D)
  Dowan (D)
  10 killer bees (D)
  4 wights (D)
  A hound (D)
  A jelly (D)
  3 orc priests (D)
  3 orc wizards (D)
  A quasit (D)
  An iguana (D)
  2 worker ants (D)
  3 river rats (D)
  3 adders (D)
  2 worms (D)
  A leopard gecko (D)
  5 orcs (D)
  A bat (D)
  2 bat skeletons (D)
  A giant cockroach (D)
  A quokka (D)
  A kobold (D)
  A rat (D)
148 creatures vanquished.

Vanquished Creatures (others)
  An orc (D)
  A hobgoblin (D)
2 creatures vanquished.

Grand Total: 150 creatures vanquished

Notes
Turn   | Place    | Note
-------+----------+-------------------------------------------
     0 | D        | pasperui the Ent Fighter began the quest for the Orb.
     0 | D        | Reached XP level 1. HP: 25/25 MP: 1/1
    44 | D        | Found a glowing golden altar of the Shining One.
    44 | D        | Found a glowing silver altar of Zin.
    44 | D        | Found a basalt altar of Yredelemnul.
    44 | D        | Found a shimmering altar of Xom.
    44 | D        | Found an ornate altar of the Wu Jian Council.
    44 | D        | Found a bloodstained altar of Trog.
    44 | D        | Found a shimmering blue altar of Sif Muna.
    44 | D        | Found a sacrificial altar of Ru.
    44 | D        | Found a stormy altar of Qazlal.
    44 | D        | Found an iron altar of Okawaru.
    44 | D        | Found a sparkling altar of Nemelex Xobeh.
    44 | D        | Found a burning altar of Makhleb.
    44 | D        | Found a viscous altar of Jiyva.
    44 | D        | Found a hazy altar of Hepliaklqana.
    44 | D        | Found an opulent altar of Gozag.
    44 | D        | Found a blossoming altar of Fedhas.
    44 | D        | Found a white marble altar of Elyvilon.
    44 | D        | Found a shadowy altar of Dithmenos.
    44 | D        | Found a snail-covered altar of Cheibriados.
    45 | D        | Found a radiant altar of Vehumet.
    45 | D        | Found a corrupted altar of Lugonu.
    45 | D        | Found a roughly hewn altar of Beogh.
    46 | D        | Found a hide-covered altar of Uskayaw.
    46 | D        | Found an ancient bone altar of Kikubaaqudgha.
    46 | D        | Found a shattered altar of Ashenzari.
    52 | D        | Became a worshipper of Cheibriados the Contemplative
    67 | D        | Reached skill level 5 in Maces & Flails
    67 | D        | Reached XP level 2. HP: 33/33 MP: 2/2
    70 | D        | Reached * piety under Cheibriados
    77 | D        | Reached ** piety under Cheibriados
   126 | D        | Reached *** piety under Cheibriados
   131 | D        | Reached XP level 3. HP: 37/40 MP: 3/3
   134 | D        | Noticed a bullfrog
   157 | D        | Killed a bullfrog
   157 | D        | Reached **** piety under Cheibriados
   158 | D        | Reached skill level 10 in Maces & Flails
   158 | D        | Reached XP level 4. HP: 20/49 MP: 4/4
   231 | D        | Noticed a big kobold
   233 | D        | Noticed a wolf
   234 | D        | Noticed a water moccasin
   240 | D        | Killed a wolf
   240 | D        | Noticed Dowan
   241 | D        | Reached XP level 5. HP: 64/68 MP: 5/5
   251 | D        | Killed a water moccasin
   251 | D        | Reached ***** piety under Cheibriados
   252 | D        | Reached XP level 6. HP: 66/78 MP: 6/6
   253 | D        | Noticed Duvessa
   270 | D        | Killed Dowan
   283 | D        | Reached ****** piety under Cheibriados
   284 | D        | Reached skill level 5 in Invocations
   285 | D        | Killed Duvessa
   286 | D        | Reached XP level 7. HP: 55/85 MP: 1/12
   341 | D        | Noticed Pikel
   346 | D        | Killed Pikel
   347 | D        | Reached skill level 10 in Stealth
   349 | D        | Noticed a deep troll
   390 | D        | HP: 3/85 [deep troll (7)]
   392 | D        | Killed a deep troll
   393 | D        | Reached XP level 8. HP: 4/95 MP: 2/13
   676 | D        | Noticed a smoke demon
   676 | D        | Noticed a bog body
   684 | D        | Reached XP level 9. HP: 91/102 MP: 14/14
   696 | D        | Killed a smoke demon
   700 | D        | Noticed a flayed ghost
   700 | D        | Noticed a red devil
   701 | D        | Noticed a swamp dragon
   705 | D        | Killed a flayed ghost
   706 | D        | Reached skill level 5 in Throwing
   711 | D        | Killed a swamp dragon
   714 | D        | Killed a red devil
   743 | D        | Noticed a molten gargoyle
   752 | D        | Killed a molten gargoyle
   753 | D        | Reached XP level 10. HP: 81/112 MP: 15/15
   776 | D        | Noticed a cyclops
   780 | D        | Reached skill level 5 in Shields
   790 | D        | Killed a cyclops
   993 | D        | Noticed a gargoyle
   998 | D        | Killed a gargoyle
  1023 | D        | Noticed a sea snake
  1075 | D        | Killed a sea snake
  1076 | D        | Reached skill level 10 in Fighting
  1088 | D        | Noticed Harold
  1090 | D        | Reached XP level 11. HP: 121/130 MP: 10/16
  1091 | D        | Noticed a dire elephant
  1093 | D        | Killed Harold
  1146 | D        | Killed a dire elephant
  1153 | D        | Reached skill level 15 in Fighting
  1292 | D        | Learned a level 3 spell: Mephitic Cloud
  1296 | D        | Learned a level 3 spell: Regeneration
  1301 | D        | Learned a level 4 spell: Animate Dead
  1338 | D        | Reached skill level 2 in Spellcasting
  1343 | D        | Reached skill level 3 in Spellcasting
  1347 | D        | Noticed an orc knight
  1354 | D        | Reached skill level 4 in Spellcasting
  1359 | D        | Reached skill level 5 in Spellcasting
  1363 | D        | Killed an orc knight
  1364 | D        | Reached skill level 6 in Spellcasting
  1416 | D        | Noticed an anaconda
  1434 | D        | Killed an anaconda
  1463 | D        | Reached skill level 5 in Conjurations
  1568 | D        | Noticed a great orb of eyes
  1568 | D        | Noticed a deep elf knight
  1572 | D        | Killed a great orb of eyes
  1572 | D        | Killed a deep elf knight
  1573 | D        | Reached XP level 12. HP: 146/154 MP: 10/21
  1579 | D        | Got the ring "Jaqeqith" {+Fly Stlth+}
  1584 | D        | Got the Volume of the Shifting Frostbite
  1586 | D        | Got the ring of Lugonu's Indignation {rPois rN+ rCorr Str-3
                  | Dex+6}
  1598 | D        | Learned a level 3 spell: Ignite Poison
  1644 | D        | Reached skill level 7 in Spellcasting
  1651 | D        | Reached skill level 8 in Spellcasting
  1651 | D        | Noticed a spriggan defender
  1663 | D        | Killed a spriggan defender
  1664 | D        | Reached skill level 10 in Spellcasting
  1668 | D        | Reached skill level 11 in Spellcasting
  1669 | D        | Noticed a death knight
  1674 | D        | Noticed a hell hog
  1676 | D        | Noticed a hell hog
  1677 | D        | Killed a death knight
  1677 | D        | Killed a hell hog
  1678 | D        | Reached skill level 13 in Spellcasting
  1681 | D        | Noticed Kirke
  1683 | D        | Noticed a hell hog
  1685 | D        | Killed a hell hog
  1686 | D        | Reached skill level 14 in Spellcasting
  1686 | D        | Noticed a hell hog
  1688 | D        | Killed a hell hog
  1693 | D        | Killed a hell hog
  1694 | D        | Reached skill level 15 in Spellcasting
  1696 | D        | Killed Kirke
  1696 | D        | Noticed a centaur warrior
  1697 | D        | Reached skill level 16 in Spellcasting
  1699 | D        | Reached XP level 13. HP: 47/162 MP: 5/33
  1707 | D        | Reached skill level 17 in Spellcasting
  1732 | D        | Noticed an ettin
  1761 | D        | Killed an ettin
  1982 | D        | Noticed an orc warlord
  1984 | D        | Noticed an orc warlord
  1988 | D        | Mangled by an orc warlord

Skill      XL: |  1  2  3  4  5  6  7  8  9 10 11 12 13 |
---------------+----------------------------------------+-----
Maces & Flails | 5 7 10 12 14 16 | 16.4
Fighting       | 7 11 15 | 15.5
Dodging        | 6 9 |  9.2
Shields        | 4 8 |  8.7
Invocations    | 7 |  7.9
Stealth        | 13 14 | 14.5
Throwing       | 8 |  8.9
Spellcasting   | 6 16 17 | 17.2
Conjurations   | 9 11 | 11.9

Action                   |  1- 3 |  4- 6 |  7- 9 | 10-12 | 13-15 || total
-------------------------+-------+-------+-------+-------+-------++-------
Melee: Flail             |     5 |    42 |    45 |       |       ||    92
       Mace              |    27 |     1 |       |       |       ||    28
       Morningstar       |       |       |    23 |   193 |    28 ||   244
Throw: Stone             |     1 |     3 |     3 |    12 |       ||    19
       Large rock        |       |       |       |    16 |     2 ||    18
Invok: Slouch            |       |     1 |     2 |    15 |     4 ||    22
  Use: Potion            |       |     1 |     1 |     1 |       ||     3
 Stab: Sleeping          |     1 |       |     2 |     9 |       ||    12
       Invisible         |       |     2 |       |       |       ||     2
       Distracted        |       |       |     1 |     1 |       ||     2
  Eat: Chunk             |       |       |     3 |     7 |     3 ||    13
Armor: Skin              |    24 |    32 |    29 |    94 |     6 ||   185
Dodge: Dodged            |    18 |    28 |    53 |   123 |    20 ||   242
Block: Medium shield     |    26 |    22 |    55 |   159 |    23 ||   285
